 Dungeon Crawl Stone Soup version 0.19.0-23-gf02e663 (webtiles) character file.

28504 RKaid the Severer (level 13, 0/122 HPs)
             Began as a Minotaur Berserker on Nov 19, 2016.
             Was the Champion of Trog.
             Slain by a ten-headed hydra (12 damage)
             ... on level 2 of the Lair of Beasts.
             The game lasted 00:32:37 (11312 turns).

RKaid the Severer (Minotaur Berserker)             Turns: 11312, Time: 00:32:38

Health: 0/122      AC: 19    Str: 31    XL:     13   Next: 10%
Magic:  7/7        EV: 16    Int:  8    God:    Trog [******]
Gold:   1068       SH:  0    Dex: 12    Spells: 0 memorised, 12 levels left

rFire  x . .     SeeInvis .     a - +7 battleaxe (antimagic)
rCold  + . .     Gourm    +     F - +5 ring mail "Vuqugar" {*Drain rC+ rCorr Str+4}
rNeg   . . .     Faith    .     (shield currently unavailable)
rPois  .         Spirit   .     (helmet restricted)
rElec  .         Reflect  .     q - +0 cloak
rCorr  +         Harm     .     P - +2 pair of gloves of Duobrux {Regen+ Int+4 Stlth-}
MR     +....                    p - +1 pair of boots
Stlth  ..........               h - amulet of the gourmand {Gourm, !d}
                                o - +1 ring of evasion
                                E - ring "Qahusegu" {+Fly rF- MP+9 EV+3 Str+2}

@: exhausted, slowed, very slow
A: retaliatory headbutt, horns 2, iridescent scales 1, deformed body, magic
resistance 1
a: Berserk, Trog's Hand, Brothers in Arms, Burn Spellbooks, Renounce Religion,
Evoke Flight


You were on level 2 of the Lair of Beasts.
You worshipped Trog.
Trog was exalted by your worship.
You were completely stuffed.

You visited 3 branches of the dungeon, and saw 14 of its levels.

You collected 1421 gold pieces.
You spent 353 gold pieces at shops.

Inventory:

Hand Weapons
 a - a +7 antimagic battleaxe (weapon)
   (Trog gifted it to you on level 2 of the Orcish Mines)
 b - a +5 whip
   (You found it on level 1 of the Dungeon)
 A - a +0 war axe
   (You took it off an orc priest on level 4 of the Dungeon)
Missiles
 S - a steel javelin (quivered)
Armour
 p - a +1 pair of boots (worn)
   (You found it on level 5 of the Dungeon)
 q - a +0 cloak (worn)
   (You found it on level 4 of the Dungeon)
 F - the +5 ring mail "Vuqugar" (worn) {*Drain rC+ rCorr Str+4}
   (You found it on level 6 of the Dungeon)

   It affects your strength (+4).
   It protects you from cold.
   It protects you from acid and corrosion.
   It causes draining when unequipped.
 P - the +2 pair of gloves of Duobrux (worn) {Regen+ Int+4 Stlth-}
   (You bought it in a shop on level 2 of the Orcish Mines)

   It affects your intelligence (+4).
   It increases your rate of regeneration.
   It makes you less stealthy.
Jewellery
 h - an amulet of the gourmand (around neck) {Gourm, !d}
   (You found it on level 1 of the Dungeon)
 o - a +1 ring of evasion (right hand)
   (You found it on level 2 of the Dungeon)
 t - an uncursed ring of resist corrosion
   (You found it on level 3 of the Dungeon)
 E - the ring "Qahusegu" (left hand) {+Fly rF- MP+9 EV+3 Str+2}
   (You found it on level 6 of the Dungeon)

   [ring of evasion]

   It affects your evasion (+3).
   It affects your strength (+2).
   It makes you vulnerable to fire.
   It affects your magic capacity (+9).
   It lets you fly.
 Q - the ring "Mir Jar" {rPois rN++ EV+1 Str-3}
   (You found it on level 1 of the Lair of Beasts)

   [ring of evasion]

   It affects your evasion (+1).
   It affects your strength (-3).
   It protects you from poison.
   It greatly protects you from negative energy.
Wands
 g - a wand of acid (8/15)
   (You found it on level 8 of the Dungeon)
 y - a wand of teleportation (3/9)
   (You found it on level 4 of the Dungeon)
 B - a wand of confusion (22/48)
   (You found it on level 6 of the Dungeon)
 C - a wand of confusion (26/48)
   (You found it on level 6 of the Dungeon)
 G - a wand of hasting (3/9)
   (You found it on level 9 of the Dungeon)
 L - a wand of lightning (5/15)
   (You took it off Maurice on level 9 of the Dungeon)
 R - a wand of slowing (25/48)
   (You found it on level 1 of the Lair of Beasts)
Scrolls
 n - 8 scrolls of remove curse
 v - 2 scrolls of teleportation
 x - a scroll of recharging
 H - a scroll of fear
 K - 2 scrolls of fog
 N - a scroll of identify
Potions
 d - 3 potions of curing
 e - a potion of cure mutation {!q}
 f - 3 potions of heal wounds
 k - 3 potions of lignification {!q}
 l - a potion of might {unknown}
 r - a potion of haste {unknown}
 s - 3 potions of berserk rage {!q}
 w - a potion of magic {unknown}
 z - 2 potions of ambrosia
 D - 2 potions of brilliance {unknown}
 I - 3 potions of agility {unknown}
 M - a potion of degeneration {unknown}
Comestibles
 c - 9 bread rations
 i - 7 fruits
 j - 3 meat rations
 m - 3 slices of pizza
 J - 6 chunks of flesh


   Skills:
 + Level 13.6 Fighting
 + Level 17.8(18.3) Axes
 - Level 8.3(14.1) Maces & Flails
 - Level 10.7 Armour
 - Level 2.1 Dodging


You had 12 spell levels left.
You didn't know any spells.

Dungeon Overview and Level Annotations

Branches:
Dungeon (10/15)            Temple (0/1) D:4            Lair (2/6) D:10
    Orc (2/2) D:9             Elf (0/3) Orc:2
  Swamp: Lair:2-4    Shoals: Lair:2-4     Snake: Lair:2-4    Spider: Lair:2-4

Altars:
Cheibriados
Gozag
Kikubaaqudgha
Ru
Sif Muna
Trog
Uskayaw
Xom
Zin
Beogh

Shops:
D:6 %   D:8 =   Orc:1 }   Orc:2 :[*


Innate Abilities, Weirdness & Mutations

You reflexively headbutt those who attack you in melee.
You have a pair of horns on your head.
You are partially covered in iridescent scales. (AC +2)
Armour fits poorly on your strangely shaped body.
You are resistant to hostile enchantments. (MR+)


Message History

You see here a hippogriff skeleton. x2
A four-headed hydra comes into view.
The four-headed hydra roars!
You see here a hippogriff skeleton.
You start resting.
A red film seems to cover your vision as you go berserk!
You feel yourself moving faster!
You feel mighty!
The four-headed hydra bites you but does no damage.
The four-headed hydra misses you. The four-headed hydra bites you.
The four-headed hydra bites you but does no damage.
You lop one of the four-headed hydra's heads off!
The three-headed hydra grows two more!
You slice the five-headed hydra!! You headbutt the five-headed hydra!!
You slice one of the five-headed hydra's heads off!
The four-headed hydra grows two more!
You cut the six-headed hydra into ribbons!!!
You kill the six-headed hydra!
Trog accepts your kill.
You see here a hydra corpse.
You feel a strong urge to attack something.
S - a steel javelin A four-headed hydra comes into view.
You feel your anger subside.
You are no longer berserk.
You are exhausted.
You feel yourself slow down.
You start resting.
Eating one of 7 chunks of flesh.
You start eating one of the 7 chunks of flesh.
This raw flesh tastes great.
A four-headed hydra is nearby!
A four-headed hydra is nearby!
You barely miss the four-headed hydra. You headbutt the four-headed hydra!
The four-headed hydra closely misses you. x2
The four-headed hydra bites you but does no damage. x2
You hack one of the four-headed hydra's heads off!
The three-headed hydra grows two more!
You slice the five-headed hydra!! The five-headed hydra bites you!
The five-headed hydra closely misses you.
The five-headed hydra bites you!
The five-headed hydra bites you but does no damage.
The five-headed hydra bites you.
You hack one of the five-headed hydra's heads off!
The four-headed hydra grows two more!
You slice the six-headed hydra!! The six-headed hydra barely misses you.
You furiously retaliate!
You headbutt the six-headed hydra.
The six-headed hydra completely misses you.
The six-headed hydra bites you but does no damage. x2
The six-headed hydra misses you. The six-headed hydra bites you.
You slice one of the six-headed hydra's heads off!
The five-headed hydra grows two more!
You slice the seven-headed hydra!!
The seven-headed hydra bites you but does no damage.
The seven-headed hydra bites you. The seven-headed hydra misses you.
The seven-headed hydra bites you! x2
The seven-headed hydra bites you but does no damage.
The seven-headed hydra bites you.
You are too injured to fight recklessly!
You are too injured to fight recklessly!
You're too exhausted to go berserk.
You lop one of the seven-headed hydra's heads off!
The six-headed hydra grows two more!
You open the eight-headed hydra like a pillowcase!!!
The eight-headed hydra bites you but does no damage.
The eight-headed hydra closely misses you.
The eight-headed hydra bites you but does no damage.
The eight-headed hydra bites you!
The eight-headed hydra bites you but does no damage.
The eight-headed hydra closely misses you.
The eight-headed hydra misses you.
The eight-headed hydra barely misses you.
The eight-headed hydra closely misses you.
The eight-headed hydra bites you.
* * * LOW HITPOINT WARNING * * *
The eight-headed hydra barely misses you.
The eight-headed hydra bites you but does no damage.
The eight-headed hydra misses you.
The eight-headed hydra barely misses you.
The eight-headed hydra completely misses you.
The eight-headed hydra bites you but does no damage.
You slice one of the eight-headed hydra's heads off!
The seven-headed hydra grows two more!
You slice the nine-headed hydra!!
Your headbutt misses the nine-headed hydra.
The nine-headed hydra bites you but does no damage.
The nine-headed hydra closely misses you.
The nine-headed hydra misses you. The nine-headed hydra bites you!
* * * LOW HITPOINT WARNING * * *
The nine-headed hydra bites you but does no damage.
The nine-headed hydra closely misses you.
The nine-headed hydra bites you but does no damage.
The nine-headed hydra completely misses you.
The nine-headed hydra barely misses you.
You chop one of the nine-headed hydra's heads off!
The eight-headed hydra grows two more!
You slash the ten-headed hydra! You headbutt the ten-headed hydra.
The ten-headed hydra bites you but does no damage.
The ten-headed hydra bites you!
* * * LOW HITPOINT WARNING * * *
The ten-headed hydra bites you.
* * * LOW HITPOINT WARNING * * *
The ten-headed hydra bites you but does no damage. x2
The ten-headed hydra bites you!
You die...

..### #.....#...# .# .##
##...##.#..#### ... ##
##P...###..#.P.###.. #
#..............P#.. ##
#................#
.###....#..###.##....##.#
...........÷....#........
........####.##.#÷..# ...
#....P....##.#..@...#....
.#...........####D......#
...###....P...÷†........#
#..# #..................
..## ....#.##.....#.....
#.## ....## ##....#.....
...# . P.......... ....
##D....#.... .... ......#
...


You could see a ten-headed hydra.

Vanquished Creatures
  3 orc warlords
  A stone giant (Orc:2)
  A hydra (Lair:2)
  An orc high priest (Orc:2)
  The ghost of RKaid the Cleaver, a novice MiBe of Trog (D:9)
  3 orc knights (Orc:2)
  5 orc sorcerers
  2 oklob plants (D:10)
  Maurice (D:9)
  2 black mambas
  Joseph (D:9)
  4 spiny frogs
  3 komodo dragons
  A troll (D:10)
  7 hippogriffs
  A slime creature (Lair:1)
  5 blink frogs (Lair:2)
  A spriggan (D:9)
  8 yaks
  A wyvern (Lair:1)
  A hungry ghost (D:7)
  Grum (D:9)
  Menkaure (D:7)
  9 wargs
  Duvessa (D:4)
  A water moccasin (Lair:1)
  2 porcupines (Lair:2)
  3 sky beasts
  32 orc warriors
  3 ice beasts
  8 ogres
  A phantom (D:8)
  2 wolves (D:9)
  2 centaurs (D:8)
  4 crocodiles
  2 big kobolds
  8 bullfrogs
  Dowan (D:4)
  2 scorpions
  8 killer bees
  8 crimson imps
  A howler monkey (D:6)
  A centaur zombie (D:8)
  4 hounds
  9 jellies
  2 bullfrog zombies
  19 orc priests
  30 orc wizards
  A bullfrog skeleton (D:7)
  4 centaur skeletons
  6 iguanas
  8 worker ants
  A hound skeleton (D:7)
  8 adders
  3 gnolls (D:2)
  A river rat (D:5)
  14 oozes
  2 worms
  A dart slug (D:1)
  3 leopard geckos
  82 orcs
  8 bats
  8 giant cockroaches
  4 goblins
  4 hobgoblins
  6 jackals
  11 kobolds
  3 quokkas
  A ball python (D:4)
  4 frilled lizards
  A jackal skeleton (D:6)
  A leopard gecko skeleton (D:4)
  5 rats
  2 plants (D:10)
410 creatures vanquished.

Vanquished Creatures (others)
  An orc (Orc:1)
  4 fungi (Lair:1)
5 creatures vanquished.

Grand Total: 415 creatures vanquished

Notes
Turn   | Place    | Note
-------+----------+-------------------------------------------
     0 | D:1      | RKaid the Minotaur Berserker began the quest for the Orb.
     0 | D:1      | Reached XP level 1. HP: 19/19 MP: 0/0
    25 | D:1      | Reached skill level 4 in Axes
    29 | D:1      | Reached XP level 2. HP: 19/26 MP: 1/1
   189 | D:1      | Reached skill level 1 in Maces & Flails
   675 | D:2      | Reached XP level 3. HP: 28/31 MP: 2/2
   678 | D:2      | Reached skill level 5 in Axes
   683 | D:2      | Reached skill level 2 in Maces & Flails
   736 | D:2      | Found an opulent altar of Gozag.
   845 | D:2      | Reached XP level 4. HP: 33/39 MP: 3/3
   848 | D:2      | Reached ** piety under Trog
  1643 | D:3      | Reached skill level 3 in Maces & Flails
  1651 | D:3      | Reached XP level 5. HP: 34/45 MP: 4/4
  1725 | D:3      | Found a glowing silver altar of Zin.
  1725 | D:3      | Noticed an angel
  1810 | D:3      | Reached skill level 6 in Axes
  2017 | D:4      | Noticed Duvessa
  2019 | D:4      | Found a staircase to the Ecumenical Temple.
  2044 | D:4      | Found an ancient bone altar of Kikubaaqudgha.
  2091 | D:4      | Found a shimmering altar of Xom.
  2118 | D:4      | Reached *** piety under Trog
  2166 | D:4      | Reached skill level 4 in Maces & Flails
  2171 | D:4      | Reached XP level 6. HP: 28/51 MP: 5/5
  2322 | D:4      | Killed Duvessa
  2322 | D:4      | Reached skill level 7 in Axes
  2322 | D:4      | Reached skill level 5 in Maces & Flails
  2337 | D:4      | HP: 10/51 [scorpion (7)]
  2342 | D:4      | HP: 9/51 [scorpion (2)]
  2344 | D:4      | HP: 4/51 [scorpion (5)]
  2349 | D:4      | HP: 7/76 [scorpion (1)]
  2350 | D:4      | HP: 2/76 [scorpion (6)]
  2355 | D:4      | HP: 2/51 [poisoned by a scorpion]
  2360 | D:4      | HP: 6/51 [poisoned by a scorpion]
  2367 | D:4      | HP: 8/51 [poisoned by a scorpion]
  2371 | D:4      | Noticed Dowan
  2372 | D:4      | HP: 7/51 [poisoned by a scorpion]
  2398 | D:4      | HP: 12/76 [Dowan/shard of ice (13)]
  2399 | D:4      | Killed Dowan
  2399 | D:4      | Reached XP level 7. HP: 14/57 MP: 6/6
  2589 | D:4      | Reached skill level 8 in Axes
  2589 | D:4      | Reached skill level 6 in Maces & Flails
  2605 | D:5      | Entered Level 5 of the Dungeon
  2914 | D:5      | Reached skill level 7 in Maces & Flails
  3084 | D:5      | Found a bloodstained altar of Trog.
  3084 | D:5      | Found a snail-covered altar of Cheibriados.
  3128 | D:6      | Reached skill level 9 in Axes
  3128 | D:6      | Reached XP level 8. HP: 58/64 MP: 7/7
  3239 | D:6      | Gained mutation: Armour fits poorly on your strangely shaped body. [mutagenic meat]
  3241 | D:6      | Gained mutation: You are partially covered in iridescent scales. (AC +2) [mutagenic meat]
  3243 | D:6      | Gained mutation: You are resistant to hostile enchantments. (MR+) [mutagenic meat]
  3344 | D:6      | Reached **** piety under Trog
  3465 | D:6      | Reached skill level 8 in Maces & Flails
  3483 | D:6      | Got a scintillating iron ring
  3515 | D:6      | Found Luudwoq's Food Emporium.
  3534 | D:6      | Got a warped ring mail
  3770 | D:6      | Identified the +5 ring mail "Vuqugar" {*Drain rC+ rCorr Str+4} (You found it on level 6 of the Dungeon)
  3772 | D:6      | Identified the ring "Qahusegu" {+Fly rF- MP+9 EV+3 Str+2} (You found it on level 6 of the Dungeon)
  3882 | D:7      | Reached skill level 3 in Armour
  3902 | D:7      | Noticed Menkaure
  3902 | D:7      | Noticed a hippogriff
  3911 | D:7      | Killed a hippogriff
  3911 | D:7      | Reached skill level 10 in Axes
  3911 | D:7      | Reached skill level 4 in Armour
  3913 | D:7      | Killed Menkaure
  4133 | D:7      | Reached skill level 5 in Armour
  4137 | D:7      | Reached XP level 9. HP: 69/70 MP: 8/8
  4273 | D:7      | Found a deep blue altar of Sif Muna.
  4379 | D:8      | Found a hide-covered altar of Uskayaw.
  4425 | D:8      | Found a sacrificial altar of Ru.
  4510 | D:8      | Reached skill level 6 in Armour
  4533 | D:8      | Reached skill level 11 in Axes
  4687 | D:8      | Reached skill level 7 in Armour
  4818 | D:8      | Found Vusmalat's Jewellery Shop.
  5208 | D:9      | Noticed Maurice
  5218 | D:9      | Killed Maurice
  5218 | D:9      | Reached skill level 12 in Axes
  5218 | D:9      | Reached skill level 8 in Armour
  5478 | D:9      | Found a bloodstained altar of Trog.
  5486 | D:9      | Noticed RKaid's ghost (novice MiBe)
  5497 | D:9      | Killed RKaid's ghost
  5497 | D:9      | Reached skill level 9 in Armour
  5497 | D:9      | Reached XP level 10. HP: 77/77 MP: 9/9
  5565 | D:9      | Noticed Joseph
  5570 | D:9      | Killed Joseph
  5659 | D:9      | Noticed Grum
  5666 | D:9      | Reached skill level 13 in Axes
  5668 | D:9      | Killed Grum
  5668 | D:9      | Received a gift from Trog
  5668 | D:9      | Reached skill level 10 in Armour
  5842 | D:9      | Reached ***** piety under Trog
  5957 | D:9      | Found a staircase to the Orcish Mines.
  5964 | Orc:1    | Entered Level 1 of the Orcish Mines
  5978 | Orc:1    | Reached skill level 4 in Fighting
  6075 | Orc:1    | Noticed an orc sorcerer
  6076 | Orc:1    | Noticed a soul eater
  6109 | Orc:1    | Killed an orc sorcerer
  6109 | Orc:1    | Reached skill level 5 in Fighting
  6155 | Orc:1    | Reached skill level 14 in Axes
  6283 | Orc:1    | Found Gyudey's Quality Used Wands.
  6289 | Orc:1    | Noticed an orc warlord
  6290 | Orc:1    | Noticed an orc sorcerer
  6303 | Orc:1    | Killed an orc sorcerer
  6303 | Orc:1    | Received a gift from Trog
  6303 | Orc:1    | Reached skill level 6 in Fighting
  6303 | Orc:1    | Reached XP level 11. HP: 61/89 MP: 10/10
  6304 | Orc:1    | HP: 31/133 [orc warlord/battleaxe (30)]
  6307 | Orc:1    | Killed an orc warlord
  6307 | Orc:1    | Reached skill level 7 in Fighting
  6780 | Orc:2    | Entered Level 2 of the Orcish Mines
  6987 | Orc:2    | Noticed an orc knight
  6994 | Orc:2    | Killed an orc knight
  7019 | Orc:2    | Noticed an orc warlord
  7021 | Orc:2    | Noticed an orc sorcerer
  7275 | Orc:2    | Killed an orc sorcerer
  7275 | Orc:2    | Reached skill level 8 in Fighting
  7275 | Orc:2    | Reached skill level 15 in Axes
  7284 | Orc:2    | Killed an orc warlord
  7515 | Orc:2    | Noticed an orc knight
  7517 | Orc:2    | Noticed an orc sorcerer
  7525 | Orc:2    | Killed an orc sorcerer
  7525 | Orc:2    | Reached skill level 9 in Fighting
  7530 | Orc:2    | Killed an orc knight
  7531 | Orc:2    | Found a roughly hewn altar of Beogh.
  7535 | Orc:2    | Noticed an orc knight
  7537 | Orc:2    | HP: 13/97 [orc priest/divine providence (13)]
  7868 | Orc:2    | Noticed a stone giant
  7880 | Orc:2    | Killed a stone giant
  7880 | Orc:2    | Reached skill level 10 in Fighting
  8218 | Orc:2    | Found a staircase to the Elven Halls.
  8257 | Orc:2    | Killed an orc knight
  8257 | Orc:2    | Reached skill level 16 in Axes
  8262 | Orc:2    | Reached XP level 12. HP: 107/107 MP: 11/11
  8281 | Orc:2    | Noticed an orc high priest
  8287 | Orc:2    | Killed an orc high priest
  8298 | Orc:2    | Found Recacara's Antique Armour Boutique.
  8314 | Orc:2    | Received a gift from Trog
  8499 | Orc:2    | Found Kucs's General Store.
  8510 | Orc:2    | Found Buer Sufry's Book Boutique.
  8524 | Orc:2    | Found Wesomp's Antique Weapon Boutique.
  8554 | Orc:2    | Bought a scroll of fear for 49 gold pieces
  8585 | Orc:2    | Noticed an orc warlord
  8592 | Orc:2    | Reached skill level 11 in Fighting
  8600 | Orc:2    | Killed an orc warlord
  9462 | Orc:2    | Bought a pair of scorched gloves for 304 gold pieces
  9472 | Orc:2    | Identified the +2 pair of gloves of Duobrux {Regen+ Int+4 Stlth-} (You bought it in a shop on level 2 of the Orcish Mines)
  9860 | D:10     | Entered Level 10 of the Dungeon
  9949 | D:10     | Found a staircase to the Lair.
  9955 | D:10     | Reached skill level 12 in Fighting
 10017 | Lair:1   | Entered Level 1 of the Lair of Beasts
 10178 | Lair:1   | Reached skill level 17 in Axes
 10260 | Lair:1   | Got a shimmering bronze ring
 10542 | Lair:1   | Received a gift from Trog
 10617 | Lair:1   | Reached skill level 13 in Fighting
 11062 | Lair:2   | Reached ****** piety under Trog
 11160 | Lair:2   | Got a heavily runed scale mail
 11204 | Lair:2   | Identified the +3 scale mail of Nutwaq {rF- Int+6} (You found it on level 2 of the Lair of Beasts)
 11207 | Lair:2   | Identified the ring "Mir Jar" {rPois rN++ EV+1 Str-3} (You found it on level 1 of the Lair of Beasts)
 11225 | Lair:2   | Reached XP level 13. HP: 116/122 MP: 7/12
 11311 | Lair:2   | HP: 27/122 [nine-headed hydra (7)]
 11312 | Lair:2   | HP: 12/122 [ten-headed hydra (4)]
 11312 | Lair:2   | Slain by a ten-headed hydra

Skill      XL: |  1  2  3  4  5  6  7  8  9 10 11 12 |
---------------+-------------------------------------+-----
Axes           | 4 5 6 7 9 10 12 14 16 17 | 17.8
Maces & Flails | 1 2 3 4 5 7 8 |  8.3
Armour         | 5 9 10 | 10.7
Fighting       | 6 10 13 | 13.6
Dodging        | |  2.1

Action                   |  1- 3 |  4- 6 |  7- 9 | 10-12 | 13-15 || total
-------------------------+-------+-------+-------+-------+-------++-------
Melee: Hand axe          |     6 |       |       |       |       ||     6
       Headbutt          |     9 |    15 |    35 |    98 |     8 ||   165
       Whip              |    38 |    76 |       |       |       ||   114
       War axe           |       |    30 |   105 |       |       ||   135
       Battleaxe         |       |       |   107 |   433 |    25 ||   565
Throw: Javelin           |       |       |       |    68 |     2 ||    70
Invok: Berserk           |       |     5 |     9 |    11 |     1 ||    26
       Trog's Hand       |       |     2 |       |       |       ||     2
       Burn Spellbooks   |       |       |     1 |       |       ||     1
  Use: Scroll            |     3 |     9 |     6 |     4 |       ||    22
       Potion            |       |     2 |       |     1 |       ||     3
 Stab: Sleeping          |     1 |       |       |       |       ||     1
  Eat: Chunk             |    10 |    12 |    29 |    31 |     1 ||    83
Armor: Animal skin       |     7 |    20 |    37 |       |       ||    64
       Ring mail         |       |       |    35 |   129 |    27 ||   191
Dodge: Dodged            |    28 |    68 |   166 |   265 |    35 ||   562

Vault maps used:
D:1:      zaba_arrival_water
D:2:      nicolae_overflow_hidden_temple, minmay_pentomino_o4
D:3:      zin_angel, minmay_cupped
D:4:      nicolae_overflow_crystal_walls, led_xom_imps, first_bread,
          uniq_duvessa
D:5:      gammafunk_temple_overflow_elements, minitemple, gup_sewer_entry_bowl,
          st_stairs_9
D:6:      serial_shops, nicolae_shop_waterfront, roderic_lattice_a
D:7:      overflow_temple_1_default, uniq_prince_ribbit1, uniq_menkaure,
          uniq_pikel
D:8:      kennysheep_little_box, kennysheep_mini, serial_shops, shop
D:9:      orc_0_dummy, basic_altar, the_bakery, eino_jars, uniq_maurice,
          uniq_grum, uniq_joseph
D:10:     dpeg_oklobed_lair, basic_altar, special_room,
          minmay_misc_feat_four_crosses
Lair:1:   lemuel_slime, grunt_megastairs_5
Lair:2:   beast_lair_carwin_5
Orc:1:    nicolae_for_you_no_charge
Orc:2:    grunt_orc_cross

Table legend:
 A = Turns spent in this place as a percentage of turns spent in the entire game.
 B = Non-inter-level travel turns spent in this place as a percentage of non-inter-level travel turns spent in the entire game.
 C = Inter-level travel turns spent in this place as a percentage of turns spent in this place.
 D = Turns resting spent in this place as a percentage of non-inter-level travel turns spent in this place.
 E = Turns spent auto-exploring this place as a percentage of non-inter-level travel turns spent in this place.
 F = Non-inter-level travel turns spent in this place divided by the number of levels of this place that you've seen.
                   A       B       C       D       E      F
               +-------+-------+-------+-------+-------+----------------------
         Total | 100.0 | 100.0 |   0.5 |   2.5 |   6.9 | 284.2
       Dungeon |  62.4 |  62.4 |   0.5 |   1.7 |   6.0 | 248.1
          Lair |  11.0 |  11.0 |   0.2 |   1.8 |   9.3 | 219.5
  Orcish Mines |  26.6 |  26.6 |   0.5 |   4.4 |   7.8 | 529.5
               +-------+-------+-------+-------+-------+----------------------

Table legend:
 A = Kills in this place as a percentage of kills in entire the game.
 B = Kills by you in this place as a percentage of kills by you in the entire game.
 C = Kills by friends in this place as a percentage of kills by friends in the entire game.
 D = Other kills in this place as a percentage of other kills in the entire game.
 E = Experience gained in this place as a percentage of experience gained in the entire game.
 F = Experience gained in this place divided by the number of levels of this place that you have seen.
                   A       B       C       D       E      F
               +-------+-------+-------+-------+-------+----------------------
         Total | 100.0 | 100.0 |  -nan |  -nan | 100.0 | 2908.6
       Dungeon |  48.0 |  48.0 |  -nan |  -nan |  26.0 | 1058.3
          Lair |  14.2 |  14.2 |  -nan |  -nan |  25.5 | 5185.5
  Orcish Mines |  37.7 |  37.7 |  -nan |  -nan |  48.5 | 9883.5
               +-------+-------+-------+-------+-------+----------------------
